 Dungeon Crawl Stone Soup version 0.14-a0-1474-g1105da3 (webtiles) character file.

54 Mitsuki the Firebug (level 3, -18/21 HPs)
             Began as a Gargoyle Fire Elementalist on Dec 14, 2013.
             Killed from afar by a goblin (37 damage)
             ... with an exploding inner flame
             ... hexed by the player character
             ... on Level 2 of the Dungeon.
             The game lasted 00:11:53 (1808 turns).

Mitsuki the Firebug (Gargoyle Fire Elementalist)    Turns: 1808, Time: 00:11:55

HP -18/21        AC  5     Str 11      XL: 3   Next: 68%
MP   0/6         EV 12     Int 16      God:
Gold 8           SH  0     Dex 10      Spells:  3 memorised,  1 level left

rFire  . . .     SeeInvis .     h - +0 hand axe
rCold  . . .     Clarity  .     a - +0 robe
rNeg   + . .     Conserve .     (no shield)
rPois  +         rCorr    .     (no helmet)
rElec  +         rRot     +     (no cloak)
SustAb . .       Spirit   .     (no gloves)
rMut   .         Warding  .     (no boots)
Saprov . . .     Stasis   .     (no amulet)
                                (no ring)
                                (no ring)

@: very slightly contaminated, not resistant to hostile enchantments, fairly
stealthy
A: life protection 1, electricity resistance, unbreathing, petrification
resistance, AC +3
a: no special abilities


You were on level 2 of the Dungeon.
You were hungry.

You visited 1 branch of the dungeon, and saw 2 of its levels.

You collected 8 gold pieces.

Inventory:

Hand weapons
 h - a +0,+0 hand axe (weapon)
Armour
 a - a +0 robe (worn)
Comestibles
 g - 10 grapes
Scrolls
 c - a scroll of immolation {unknown}
 d - a scroll of curse jewellery {unknown}
 e - a scroll of fog {unknown}
 j - a scroll of random uselessness {unknown}
 k - 2 scrolls of remove curse {unknown}
Potions
 i - a potion of agility
Books
 b - a book of Flames

   Spells                             Type                      Level
   *Flame Tongue                      Conjuration/Fire             1
   *Throw Flame                       Conjuration/Fire             2
   Conjure Flame                      Conjuration/Fire             3
   *Inner Flame                       Hexes/Fire                   3
   Sticky Flame                       Conjuration/Fire             4
   Fireball                           Conjuration/Fire             5


   Skills:
 - Level 2.0 Fighting
 - Level 1.5 Dodging
 - Level 2.1 Stealth
 + Level 2.5 Spellcasting
 + Level 1.5 Conjurations
 + Level 3.4 Fire Magic


You had one spell level left.
You knew the following spells:

 Your Spells              Type           Power        Failure   Level  Hunger
a - Flame Tongue          Conj/Fire      #....        10%         1    #......
b - Throw Flame           Conj/Fire      #.....       12%         2    ##.....
c - Inner Flame           Hex/Fire       #.......     34%         3    ###....


Dungeon Overview and Level Annotations

Branches:
Dungeon (2/16)

Altars:


Innate Abilities, Weirdness & Mutations

You are resistant to torment.
You are immune to poison.
Your stone body is very resilient (AC +3).
You resist negative energy.
You are resistant to electric shocks.
You can survive without breathing.
You are immune to petrification.


Message History

Aim: a goblin You miscast Inner Flame.
You are very lightly contaminated with residual magic.
Nothing appears to happen.
You are feeling hungry.
Casting: Inner Flame
Confirm with . or Enter, or press ? or * to list all spells.
Aiming: Inner Flame
Press: ? - help, Shift-Dir - straight line, f/p - goblin
Aim: a goblin The goblin is filled with an inner flame.
The goblin hits you.
You closely miss the goblin. The goblin closely misses you.
You hit the goblin.
The goblin explodes!
The fiery explosion engulfs the goblin.
You kill the goblin!
The fiery explosion engulfs you!
Ouch! That really hurt!
You die...

##.######.#..# #.#
.............# #.#
.(.######.#. #.#
...# #.# ...#### #.#
......# # #.#
......# #. #.#
......#
#.##.###########.#
......#
#..)?.ยงยง@........#
......#
####.#############
...... # ##+##


There were no monsters in sight!

Vanquished Creatures
  An adder (D:1)
  A giant gecko (D:1)
  A ball python (D:1)
  3 bats
  6 goblins
  3 hobgoblins (D:1)
  4 jackals (D:1)
  3 kobolds
  4 giant cockroaches (D:1)
  4 giant newts
  5 rats (D:1)
35 creatures vanquished.

Notes
Turn   | Place    | Note
--------------------------------------------------------------
     0 | D:1      | Mitsuki, the Gargoyle Fire Elementalist, began the quest for the Orb.
     0 | D:1      | Reached XP level 1. HP: 10/10 MP: 3/3
   161 | D:1      | Reached skill level 1 in Fighting
   301 | D:1      | Reached XP level 2. HP: 9/17 MP: 2/4
   510 | D:1      | Learned a level 2 spell: Throw Flame
   840 | D:1      | Reached XP level 3. HP: 14/21 MP: 0/6
  1755 | D:2      | Learned a level 3 spell: Inner Flame
  1808 | D:2      | Killed from afar by a goblin

Action                   || total
-------------------------++-------
Melee: Unarmed           ||    45
       Hand axe          ||    42
 Cast: Flame Tongue      ||    31
       Throw Flame       ||    15
       Inner Flame       ||     1
  Use: Potion            ||     4
